 Dungeon Crawl Stone Soup version 0.31-a0-1066-g35875b34c7 (webtiles) character file.

Game seed: 16919824365344212876

385 senseless the Insei (level 6, -2/42 HPs)
             Began as an Octopode Shapeshifter on Nov 22, 2023.
             Slain by a quokka (5 damage)
             ... on level 4 of the Dungeon.
             The game lasted 00:05:02 (2657 turns).

senseless the Insei (Octopode Shapeshifter)         Turns: 2657, Time: 00:05:03

Health: -2/42      AC:  1    Str: 13    XL:     6   Next: 77%
Magic:  6/6        EV: 14    Int: 13    God:
Gold:   223        SH:  0    Dex: 13    Spells: 5/5 levels left

rFire   . .          .
                       - Unarmed
rCold   . . .        (no shield)
rNeg    . . .        (helmet currently unavailable)
rPois   .            (no amulet)
rElec   .            (no ring)
rCorr   .            (no ring)
SInv    .            (no ring)
Will    .....        (no ring)
Stlth   ++           (no ring)
HPRegen 0.27/turn    (no ring)
MPRegen 0.10/turn    (no ring)
                     (no ring)

%: no passive effects
@: beast-form
A: beast (slay +2), almost no armour, amphibious, 8 rings, camouflage 1,
gelatinous body 1, (nimble swimmer 1), tentacles
a: Begin Untransformation


You were on level 4 of the Dungeon.
You were a hulking beast.
You visited 1 branch of the dungeon, and saw 4 of its levels.

You collected 223 gold pieces.

Inventory:

Hand Weapons
 k - a +1 dagger of speed
Missiles
 r - a throwing net
Talismans
 b - a beast talisman
 c - a flux talisman
Wands
 i - a wand of flame (8) (quivered)
Scrolls
 e - 5 scrolls of identify {unknown}
 g - a scroll of revelation {unknown}
 h - a scroll of immolation {unknown}
 j - 2 scrolls of fog {unknown}
 o - a scroll of noise {unknown}
 q - a scroll of fear {unknown}
Potions
 a - 2 potions of lignification
 d - a potion of curing {unknown}
 f - a potion of heal wounds {unknown}
 l - 2 potions of resistance {unknown}
 m - 2 potions of degeneration {unknown}
 n - a potion of ambrosia {unknown}
 p - a potion of brilliance {unknown}


   Skills:
 + Level 3.2 Fighting
 + Level 3.8 Dodging
 + Level 4.4 Unarmed Combat
 + Level 4.3 Shapeshifting


You had 5 spell levels left.
You didn't know any spells.
Your spell library contained the following spells:

 Spells                   Type           Power      Damage    Failure   Level
 Magic Dart               Conj           0%         1d3       30%         1
 Summon Small Mammal      Summ           0%         N/A       30%         1
 Call Imp                 Summ           0%         N/A       43%         2
 Call Canine Familiar     Summ           0%         N/A       67%         3
 Mephitic Cloud           Conj/Pois/Air  0%         N/A       67%         3
 Summon Guardian Golem    Hex/Summ       0%         N/A       67%         3


Dungeon Overview and Level Annotations

Branches:
Dungeon (4/15)             Temple (0/1) D:4

Altars:
Zin

Annotations:
D:4 Blork the orc


Innate Abilities, Weirdness & Mutations

You are a hulking beast.
Your limbs bulge with bestial killing power. (Slay +2)
You cannot wear most types of armour.
You are amphibious.
You can wear up to eight rings at the same time.
Your skin changes colour to match your surroundings (Stealth+).
Your rubbery body absorbs attacks. (AC +1, EV +1)
((You are camouflaged when in or above water. (Stealth+)))
You have tentacles for arms and can constrict up to eight enemies at once.


Message History

No target in view!
No target in view!
No target in view!
No target in view!
No target in view!
No target in view!
r - a throwing net A quokka comes into view.
The quokka moves out of view.
Found a stone staircase leading down.
Blork the orc comes into view.
He is wielding a +0 trident and wearing a +2 robe of willpower.
Blork the orc shouts!
Blork the orc casts a spell.
Blork the orc seems to speed up.
There is a staircase to the Ecumenical Temple here.
You tentacle-slap the quokka but do no damage.
Your grab misses the quokka.
Blork the orc hits you from afar with a +0 trident.
The quokka bites you. Blork the orc closely misses you.
You miss the quokka. Your grab misses the quokka. The quokka barely misses you.
Blork the orc gestures at you while chanting.
The puff of frost hits you!
Blork the orc screams, "I'll eat your brain!
And then I'll vomit it back up!"
Blork the orc misses you. The quokka attacks as it pursues you!
The quokka closely misses you.
Blork the orc hits you with a +0 trident!
* * * LOW HITPOINT WARNING * * *
The quokka misses you.
You tentacle-slap Blork the orc. You grab Blork the orc.
Blork the orc is lightly wounded.
You constrict Blork the orc, but do no damage.
Blork the orc closely misses you. The quokka barely misses you.
You tentacle-slap Blork the orc. You squeeze Blork the orc.
Blork the orc is moderately wounded.
You constrict Blork the orc, but do no damage.
Blork the orc screams, "I'll break your legs!"
Blork the orc hits you with a +0 trident!
* * * LOW HITPOINT WARNING * * *
The quokka bites you.
You die...

#######.#.#....#
........#.#....# ####
#########.#....####...#
......................##
...........#.#.#.#.#...#
.......................#
...........#.......#...#
.................o.....#
...........#...>h..#...#
................r......#
...........#.......#...#
........................
#########..#.#.#.#.#....
.#......................
##.######.###.##.##....>
............#.##........
.#.######.#...#####.....


You could see Blork the orc (fast) and a quokka.

Vanquished Creatures
  Sigmund (D:2)
  A hound (D:4)
  An iguana (D:4)
  An orc wizard (D:3)
  Robin (D:2)
  3 adders (D:2)
  3 worms
  2 dart slugs
  3 orcs (D:3)
  6 bats
  4 endoplasms
  5 giant cockroaches
  13 goblins
  10 hobgoblins
  6 jackals
  2 quokkas
  6 ball pythons
  2 frilled lizards
  3 kobolds
  6 rats
79 creatures vanquished.

Vanquished Creatures (others)
  A goblin (D:2)
1 creature vanquished.

Grand Total: 80 creatures vanquished

Notes
Turn   | Place    | Note
-------+----------+-------------------------------------------
     0 | D:1      | senseless the Octopode Shapeshifter began the quest for the
                  | Orb.
     0 | D:1      | Reached XP level 1. HP: 13/13 MP: 1/1
   202 | D:1      | Reached XP level 2. HP: 15/18 MP: 2/2
   340 | D:1      | You fall into a shaft and drop 1 floor!
   408 | D:2      | Reached XP level 3. HP: 19/23 MP: 3/3
   481 | D:2      | Noticed Robin
   486 | D:2      | Killed Robin
   949 | D:2      | Reached XP level 4. HP: 18/29 MP: 4/4
  1712 | D:2      | Noticed Sigmund
  1717 | D:2      | Killed Sigmund
  1718 | D:2      | Reached XP level 5. HP: 36/36 MP: 5/5
  1718 | D:2      | Reached XP level 6. HP: 42/42 MP: 6/6
  1744 | D:3      | Found a faded altar of an unknown god.
  1780 | D:3      | Prayed at the altar of an unknown god.
  2629 | D:4      | Found a staircase to the Ecumenical Temple.
  2648 | D:4      | Noticed Blork the orc
  2657 | D:4      | Slain by a quokka

Illustrated notes

Levels and vault maps discovered:
D:1:      amcnicky_arrival_abandoned_market, layout_basic, corexii_corridor_pit
D:2:      layout_rooms, minmay_diced_spiral, uniq_sigmund, uniq_robin
D:3:      minmay_door_path, layout_rooms, ebering_ecumenical_altar_sacrificial
D:4:      layout_basic, minmay_temple_entry_glass, uniq_blork_the_orc

Skill      XL: |  1  2  3  4 |
---------------+-------------+-----
Fighting       | 3 |  3.2
Dodging        | 3 |  3.8
Unarmed Combat | 4 |  4.4
Shapeshifting  | 4 |  4.3

Action                     |  1- 3 |  4- 6 || total
---------------------------+-------+-------++-------
  Melee: Unarmed           |    58 |   106 ||   164
         Constrict         |    14 |    29 ||    43
         Punch             |     5 |     7 ||    12
         Tentacles         |    10 |    25 ||    35
  Evoke: Wand              |       |     5 ||     5
   Stab: Sleeping          |     3 |     3 ||     6
 Armour: Skin              |    33 |    53 ||    86
  Dodge: Dodged            |    39 |    54 ||    93

Table legend: (Time is in decaauts)
 A = Elapsed time spent in this place.
 B = Non-inter-level travel time spent in this place.
 C = Inter-level travel time spent in this place.
 D = Time resting spent in this place.
 E = Time spent auto-exploring this place.
 F = Levels seen in this place.
 G = Mean time per level.
                   A        B        C        D        E       F      G
               +--------+--------+--------+--------+--------+-----+--------+
         Total |   2645 |   2569 |     76 |    159 |   1987 |   4 |  661.2 |
       Dungeon |   2645 |   2569 |     76 |    159 |   1987 |   4 |  661.2 |
               +--------+--------+--------+--------+--------+-----+--------+

Top non-repeatable levels by time:
     D:2: 889 daAuts
     D:1: 848 daAuts
     D:3: 706 daAuts
     D:4: 201 daAuts
